 Dungeon Crawl Stone Soup version 0.21.0-37-g46506fa (webtiles) character file.

2 tidbits the Digger (level 1, 13/13 HPs)
             Began as a Gnoll Earth Elementalist on Feb 1, 2018.
             Quit the game on level 1 of the Dungeon.
             The game lasted 00:00:47 (83 turns).

tidbits the Digger (Gnoll Earth Elementalist)         Turns: 83, Time: 00:00:47

Health: 13/13      AC:  2    Str: 10    XL:     1   Next: 30%
Magic:  6/6        EV: 14    Int: 17    God:
Gold:   0          SH:  0    Dex: 15    Spells: 8/9 levels left

rFire    . . .     SeeInvis .   (no weapon)
rCold    . . .     Gourm    +   (no shield)
rNeg     . . .     Faith    .   c - +0 robe
rPois    .         Spirit   .   (no helmet)
rElec    .         Reflect  .   (no cloak)
rCorr    .         Harm     .   (no gloves)
MR       .....                  (no boots)
Stlth    +++.......             f - amulet of the gourmand
HPRegen  0.04/turn              (no ring)
MPRegen  0.10/turn              (no ring)

@: no status effects
A: distributed training, fangs 1, strong nose
a: no special abilities


You were on level 1 of the Dungeon.
You were not hungry.

You visited 1 branch of the dungeon, and saw 1 of its levels.

Inventory:

Missiles
 b - 45 stones (quivered)
Armour
 c - a +0 robe (worn)
Jewellery
 f - an amulet of the gourmand (around neck)
   (You found it on level 1 of the Dungeon)
Scrolls
 a - 2 scrolls of identify {unknown}
Books
 e - a book of Geomancy

   Spells                             Type                      Level
   a - Sandblast                      Earth                        1
   b - Passwall                       Transmutation/Earth          2
   c - Stone Arrow                    Conjuration/Earth            3
   d - Petrify                        Transmutation/Earth          4
   e - Lee's Rapid Deconstruction     Earth                        5
Comestibles
 d - a ration


   Skills:
 + Level 0.0 Fighting
 + Level 0.0 Short Blades
 + Level 0.0 Long Blades
 + Level 0.0 Axes
 + Level 0.0 Maces & Flails
 + Level 0.0 Polearms
 + Level 0.0 Staves
 + Level 0.0 Slings
 + Level 0.0 Bows
 + Level 0.0 Crossbows
 + Level 0.0 Throwing
 + Level 0.0 Armour
 + Level 4.4 Dodging
 + Level 4.0 Stealth
 + Level 0.0 Shields
 + Level 0.0 Unarmed Combat
 + Level 4.8 Spellcasting
 + Level 0.0 Conjurations
 + Level 0.0 Hexes
 + Level 0.0 Charms
 + Level 0.0 Summonings
 + Level 0.0 Necromancy
 + Level 0.0 Translocations
 + Level 1.9 Transmutations
 + Level 0.0 Fire Magic
 + Level 0.0 Ice Magic
 + Level 0.0 Air Magic
 + Level 5.3 Earth Magic
 + Level 0.0 Poison Magic
 + Level 0.0 Invocations
 + Level 0.0 Evocations


You had 8 spell levels left.
You knew the following spells:

 Your Spells              Type           Power        Failure   Level  Hunger
a - Sandblast             Erth           ###...       1%          1    None


Dungeon Overview and Level Annotations

Branches:
Dungeon (1/15)

Altars:
Ashenzari


Innate Abilities, Weirdness & Mutations

Your experience applies equally to all skills.
You have very sharp teeth.
Your uncanny sense of smell can sniff out nearby items.


Message History

Welcome, tidbits the Gnoll Earth Elementalist.
Will you prevail where others failed? Will you find the Orb of Zot?
Press ? for a list of commands and other information.
Found 15 stones.
Found a staircase leading out of the dungeon.
You found a teleport trap!
Adjust (i)tems, (s)pells, or (a)bilities?
Adjust which spell? z - Sandblast Adjust to which letter? a - Sandblast
Found a scroll labeled UTEFFI JYUL.
b - 45 stones (gained 15) Autopickup is now off.
You see here a scroll labeled UTEFFI JYUL.
a - a scroll labeled UTEFFI JYUL Really walk into that teleport trap? [Y]es or [N]o only, please.
Really walk into that teleport trap?
You enter a teleport trap!
The teleport trap disappears.
Your surroundings suddenly seem different.
A goblin comes into view.
Found a blackened platinum amulet.
A kobold comes into view.
Unknown command.
Casting: Sandblast
Confirm with . or Enter, or press ? or * to list all spells.
Aiming: Sandblast
Press: ? - help, Shift-Dir - straight line, f - kobold
Aim: a kobold (resting)
The blast of sand hits the kobold.
The kobold is moderately wounded.
The kobold shouts!
b - 44 stones You hear a shout!
Casting: Sandblast
Confirm with . or Enter, or press ? or * to list all spells.
Aiming: Sandblast
Press: ? - help, Shift-Dir - straight line, f/p - kobold
Aim: a kobold (moderately wounded)
The blast of sand hits the kobold.
You kill the kobold!
b - 43 stones
Found a shattered altar of Ashenzari.
The goblin shouts!
You see here 3 stones.
b - 46 stones (gained 3)
Casting: Sandblast
Confirm with . or Enter, or press ? or * to list all spells.
Aiming: Sandblast
Press: ? - help, Shift-Dir - straight line, f - goblin
Aim: a goblin The blast of sand hits the goblin.
You kill the goblin!
b - 45 stones The goblin shouts!
You see here a blackened platinum amulet.
f - a blackened platinum amulet Put on which piece of jewellery? (? for menu, Esc to quit)
You feel a craving for the dungeon's cuisine.
f - an amulet of the gourmand (around neck) Unknown command.
Found a scroll labeled UTEFFI JYUL.
You see here a scroll labeled UTEFFI JYUL.
a - 2 scrolls labeled UTEFFI JYUL (gained 1)
You open the door.
There is an open door here.
Casting: Sandblast
Confirm with . or Enter, or press ? or * to list all spells.
You don't know that spell.
Okay, then.
Are you sure you want to abandon this character and quit the game? (Confirm with "yes".)

## #. #. #. #. ∆ # #. .# ##
########################. #
#..............@........
#.##############.......#
##'#......... g.........+
#.....##########........#
#................#....##
#......#########...##.#######
#......# ##.#.##........
#......# #......#.......
##+#+#.# ##.....#......#


There were no monsters in sight!

Vanquished Creatures
  A goblin (D:1)
  A kobold (D:1)
2 creatures vanquished.

Notes
Turn   | Place    | Note
-------+----------+-------------------------------------------
     0 | D:1      | tidbits the Gnoll Earth Elementalist began the quest for the Orb.
     0 | D:1      | Reached XP level 1. HP: 13/13 MP: 6/6
    39 | D:1      | Found a shattered altar of Ashenzari.
    83 | D:1      | Quit the game

Action                   || total
-------------------------++-------
 Cast: Sandblast         ||     3

Table legend:
 A = Turns spent in this place as a percentage of turns spent in the entire game.
 B = Non-inter-level travel turns spent in this place as a percentage of non-inter-level travel turns spent in the entire game.
 C = Inter-level travel turns spent in this place as a percentage of turns spent in this place.
 D = Turns resting spent in this place as a percentage of non-inter-level travel turns spent in this place.
 E = Turns spent auto-exploring this place as a percentage of non-inter-level travel turns spent in this place.
 F = Non-inter-level travel turns spent in this place divided by the number of levels of this place that you've seen.
                   A       B       C       D       E      F
               +-------+-------+-------+-------+-------+----------------------
         Total | 100.0 | 100.0 |   0.0 |   0.0 |   0.0 |  83.0
       Dungeon | 100.0 | 100.0 |   0.0 |   0.0 |   0.0 |  83.0
               +-------+-------+-------+-------+-------+----------------------

Table legend:
 A = Kills in this place as a percentage of kills in entire the game.
 B = Kills by you in this place as a percentage of kills by you in the entire game.
 C = Kills by friends in this place as a percentage of kills by friends in the entire game.
 D = Other kills in this place as a percentage of other kills in the entire game.
 E = Experience gained in this place as a percentage of experience gained in the entire game.
 F = Experience gained in this place divided by the number of levels of this place that you have seen.
                   A       B       C       D       E      F
               +-------+-------+-------+-------+-------+----------------------
         Total | 100.0 | 100.0 |   N/A |   N/A | 100.0 |   3.0
       Dungeon | 100.0 | 100.0 |   N/A |   N/A | 100.0 |   3.0
               +-------+-------+-------+-------+-------+----------------------

Vault maps used:
D:1:      dpeg_arrival_round_c, minivault_14, nicolae_ashenzari_panopticon
